 Dungeon Crawl Stone Soup version 0.25-a0-890-g62861fb195 (webtiles) character file.

Game seed: 9831058322225569889, levelgen mode: deterministic

107 Hasart the Insei (level 4, -5/29 HPs)
             Began as an Octopode Transmuter on May 2, 2020.
             Killed by divine providence
             ... invoked by an orc priest
              (7 damage)
             ... on level 3 of the Dungeon.
             The game lasted 00:03:12 (2252 turns).

Hasart the Insei (Octopode Transmuter)              Turns: 2252, Time: 00:03:13

Health: -5/29      AC: -1    Str: 10    XL:     4   Next: 85%
Magic:  7/7        EV: 14    Int: 15    God:
Gold:   129        SH:  0    Dex: 12    Spells: 6/7 levels left

rFire    . . .     SeeInvis .     - Unarmed
rCold    . . .     Gourm    .   (no shield)
rNeg     . . .     Faith    .   (helmet restricted)
rPois    .         Spirit   .   (no amulet)
rElec    .         Reflect  .   j - -2 ring of protection (curse)
rCorr    .         Harm     .   (no ring)
MR       .....                  (no ring)
Stlth    ++........             (no ring)
HPRegen  0.09/turn              (no ring)
MPRegen  0.10/turn              (no ring)
                                (no ring)
                                (no ring)

@: no status effects
A: almost no armour, stealthy swim, amphibious, 8 rings, constrict 8, camouflage
1, gelatinous body 1
a: no special abilities


You were on level 3 of the Dungeon.
You were not hungry.

You visited 1 branch of the dungeon, and saw 3 of its levels.

You collected 129 gold pieces.

Inventory:

Missiles
 a - 41 arrows
 l - 34 poisoned darts (quivered)
Jewellery
 j - a cursed -2 ring of protection (left tentacle)
Potions
 d - a potion of degeneration {unknown}
 e - 3 potions of curing {unknown}
 f - a potion of might {unknown}
 g - a potion of stabbing {unknown}
 i - a potion of heal wounds {unknown}
 m - 2 potions of invisibility {unknown}
 p - a potion of haste {unknown}
Comestibles
 c - 8 rations


   Skills:
 + Level 2.2 Fighting
 + Level 3.0 Dodging
 * Level 4.3 Unarmed Combat
 - Level 2.0 Spellcasting
 - Level 2.0 Transmutations


You had 6 spell levels left.
You knew the following spells:

 Your Spells              Type           Power        Failure   Level  Hunger
a - Beastly Appendage     Tmut           #.....       10%         1    #......

Your spell library contained the following spells:

 Spells                   Type           Power        Failure   Level  Hunger
 Sticks to Snakes         Tmut           #.......     14%         2    ###....
 Spider Form              Tmut/Pois      #.........   41%         3    ###....
 Ice Form                 Ice/Tmut       #.......     82%         4    #####..
 Blade Hands              Tmut           #.........   95%         5    ######.


Dungeon Overview and Level Annotations

Branches:
Dungeon (3/15)

Altars:
Xom


Innate Abilities, Weirdness & Mutations

You cannot wear most types of armour.
You are very stealthy in the water. (Stealth+)
You are amphibious.
You can wear up to eight rings at the same time.
You can use your tentacles to constrict eight enemies at once.
Your skin changes colour to match your surroundings (Stealth+).
Your rubbery body absorbs attacks. (AC +1, EV +1)


Message History

The orc priest hits you with a +0 flail.
The jackal closely misses you.
You tentacle-slap the orc priest.
The orc priest is severely wounded.
You constrict the orc priest. The quokka barely misses you.
The jackal misses you. The jackal barely misses you.
The orc priest calls down the wrath of Beogh upon you.
Pain shoots through your body!
* * * LOW HITPOINT WARNING * * *
All of the chunks of flesh in your inventory have rotted away.
You tentacle-slap the orc priest but do no damage.
The orc priest is almost dead.
You constrict the orc priest. The jackal closely misses you.
The jackal bites you.
* * * LOW HITPOINT WARNING * * *
The quokka bites you.
* * * LOW HITPOINT WARNING * * *
The orc priest calls down the wrath of Beogh upon you.
Beogh smites you!
You die...

######.#..,,..*#(..........#
# #.#.##,#.*#(..........#
*****#...##.#.*#(###########
**,,,....##.#.##.#
**,**##....(....(###### **,*
**,##.....§§....#
,,,*****,*###....)....#
**,,,,,,,* ##)r......#
**,,,,,,>****#.h@†....#
**,,,,,,,,,,,+.oho....#
*,,,*,,*,***#..o.....#
**,,,,,,,***#hl......#
*,,*,,,,*,,.....!...#
**,,,,,,,,.#........#
****,*,**,,..#........#
,,,,,,,**,..,#........#
,,,,,,,,,,,,,*,,,,,,,,*


You could see an orc priest, 2 orcs, a leopard gecko, a quokka and 3 jackals.

Vanquished Creatures
  3 adders
  An ooze (D:2)
  4 worms
  3 dart slugs
  A leopard gecko (D:2)
  2 orcs (D:3)
  A giant cockroach (D:2)
  12 goblins
  4 hobgoblins
  4 jackals
  2 quokkas (D:2)
  7 bats
  3 frilled lizards (D:1)
  4 kobolds
  5 rats
56 creatures vanquished.

Notes
Turn   | Place    | Note
-------+----------+-------------------------------------------
     0 | D:1      | Hasart the Octopode Transmuter began the quest for the Orb.
     0 | D:1      | Reached XP level 1. HP: 13/13 MP: 3/3
   149 | D:1      | Reached XP level 2. HP: 18/18 MP: 5/5
   652 | D:2      | Reached XP level 3. HP: 19/23 MP: 6/6
  1085 | D:2      | Reached XP level 4. HP: 27/29 MP: 7/7
  1090 | D:2      | Reached skill level 4 in Unarmed Combat
  1247 | D:2      | Found a white marble altar of Elyvilon.
  1249 | D:2      | Found a burning altar of Makhleb.
  1249 | D:2      | Found an opulent altar of Gozag.
  1251 | D:2      | Found a shimmering altar of Xom.
  1251 | D:2      | Found a burning altar of Makhleb.
  1251 | D:2      | Found an opulent altar of Gozag.
  2252 | D:3      | Killed from afar by an orc priest

Levels and vault maps discovered:
D:1:      doesnt_arrival_eight_statues, layout_loops_ring,
          serial_bayou_lagoon_a, st_stairs_11
D:2:      layout_basic, doesnt_xom_only_xom
D:3:      layout_basic, first_ration, uniq_grinder

Skill      XL: |  1  2  3  4 |
---------------+-------------+-----
Unarmed Combat | 4 |  4.3
Fighting       | 2 |  2.2
Dodging        | 3 |  3.0
Spellcasting   | |  2.0
Transmutations | |  2.0

Action                   |  1- 3 |  4- 6 || total
-------------------------+-------+-------++-------
Melee: Unarmed           |    71 |    61 ||   132
       Constrict         |    19 |    13 ||    32
       Tentacles         |    10 |    12 ||    22
       Punch             |     2 |     2 ||     4
       Kick              |       |     2 ||     2
 Cast: Beastly Appendage |     1 |     2 ||     3
  Use: Scroll            |       |     4 ||     4
 Stab: Sleeping          |     8 |     2 ||    10
  Eat: Chunk             |     1 |     3 ||     4
Armor: Skin              |     8 |     1 ||     9
Dodge: Dodged            |    47 |    43 ||    90

Table legend:
 A = Non-vault XP
 B = Vault XP
 C = Vault XP percentage of total XP
 D = Non-vault monster count
 E = Vault monster count
 F = Vault count percentage of total count
                 A         B        C        D         E       F
            +---------+---------+-------+---------+---------+-------
      Total |     147 |       6 |   3.9 |      52 |       4 |   7.1
            +---------+---------+-------+---------+---------+-------
        D:1 |      21 |       6 |  22.2 |      13 |       4 |  23.5
        D:2 |      95 |       0 |   0.0 |      31 |       0 |   0.0
        D:3 |      31 |       0 |   0.0 |       8 |       0 |   0.0
            +---------+---------+-------+---------+---------+-------
